 Dungeon Crawl Stone Soup version 0.28-a0-919-g0b5b508569 (webtiles) character file.

Game seed: 17687104647419903643

151 horus123 the Slasher (level 5, -1/39 HPs)
             Began as a Demonspawn Gladiator on Nov 25, 2021.
             Was an Initiate of Ru.
             Slain by a gnoll shaman (6 damage)
             ... on level 4 of the Dungeon.
             The game lasted 00:05:04 (4065 turns).

horus123 the Slasher (Demonspawn Gladiator)         Turns: 4065, Time: 00:05:06

Health: -1/39      AC:  5    Str: 15    XL:     5   Next: 11%
Magic:  5/5        EV: 12    Int:  9    God:    Ru [......]
Gold:   169        SH:  0    Dex: 15    Spells: 4/4 levels left

rFire   . . .      SeeInvis .   a - +1 long sword
rCold   . . .      Faith    .   (no shield)
rNeg    . . .      Spirit   .   b - +0 leather armour
rPois   .          Reflect  .   c - +0 helmet
rElec   .          Harm     .   e - +0 cloak
rCorr   .          Rampage  .   (no gloves)
Will    .....                   (no boots)
Stlth   +.........              (no amulet)
HPRegen 0.13/turn               (no ring)
MPRegen 0.18/turn               (no ring)

@: no status effects
A: hooves 1, powered by pain 1, magic regeneration
a: Renounce Religion


You were on level 4 of the Dungeon.
You worshipped Ru.
Ru was noncommittal.
You visited 1 branch of the dungeon, and saw 4 of its levels.

You collected 169 gold pieces.

Inventory:

Hand Weapons
 a - a +1 long sword (weapon)
Missiles
 d - 2 throwing nets (quivered)
Armour
 b - a +0 leather armour (worn)
 c - a +0 helmet (worn)
 e - a +0 cloak (worn)
Scrolls
 i - a scroll of blinking
 j - 2 scrolls of amnesia
 n - a scroll of identify
 p - a scroll of silence {unknown}
Potions
 g - a potion of attraction {unknown}
 h - a potion of flight {unknown}
 k - 2 potions of brilliance
 l - 2 potions of curing {unknown}
 m - a potion of haste {unknown}
 o - a potion of berserk rage {unknown}


   Skills:
 + Level 2.3 Fighting
 + Level 3.7 Long Blades
 + Level 2.7 Throwing
 + Level 1.3 Armour
 * Level 3.3 Dodging
 + Level 0.3 Stealth


You had 4 spell levels left.
You didn't know any spells.
Your spell library was empty.

Dungeon Overview and Level Annotations

Branches:
Dungeon (4/15)
 Temple: D:4-7

Altars:
Ru


Innate Abilities, Weirdness & Mutations

You have large cloven feet.
You sometimes gain a little power by taking damage.
You regenerate magic rapidly.


Message History

A gnoll comes into view. It is wielding a +0 flail.
You throw a throwing net.
The throwing net closely misses the gnoll.
The gnoll shouts!
The gnoll hits you with a +0 flail!
A gnoll comes into view. It is wielding a +0 halberd.
You hit the gnoll.
The gnoll is lightly wounded.
The gnoll closely misses you.
You slash the gnoll! Your kick misses the gnoll.
The gnoll is almost dead.
You kill the gnoll!
You barely miss the kobold. You kick the kobold.
The kobold is moderately wounded.
The kobold hits you with a +0 short sword.
You are too injured to fight recklessly!
You are too injured to fight recklessly!
You are too injured to fight recklessly!
You closely miss the kobold.
The kobold is moderately wounded.
The kobold closely misses you.
You barely miss the kobold. Your kick misses the kobold.
The kobold is moderately wounded.
The kobold hits you with a +0 short sword. x2
You barely miss the kobold.
The kobold is moderately wounded.
The kobold hits you with a +0 short sword.
You hit the kobold.
You kill the kobold!
The gnoll shaman calls upon its god to speed up the gnoll.
The gnoll seems to speed up.
You closely miss the gnoll shaman. The gnoll barely misses you.
The gnoll misses you.
The gnoll shaman hits you with a +0 whip!
* * * LOW HITPOINT WARNING * * *
You slash the gnoll shaman!
The gnoll shaman is heavily wounded.
The gnoll barely misses you.
The gnoll shaman hits you with a +0 whip.
You die...

###################
#.@................
#g#################
#g ..#### #g #.##..
#g #.##.# #( #.##.#
#. #.##.# #.
##.##.# #......


You could see a gnoll shaman and 3 gnolls.

Vanquished Creatures
  An orc wizard (D:3)
  Robin (D:3)
  2 gnolls (D:4)
  2 adders
  A dart slug (D:1)
  3 orcs (D:4)
  5 bats
  10 endoplasms
  7 giant cockroaches
  14 goblins
  3 hobgoblins
  4 jackals
  A ball python (D:1)
  A frilled lizard (D:3)
  6 kobolds
  4 rats
65 creatures vanquished.

Vanquished Creatures (others)
  4 toadstools (D:4)
4 creatures vanquished.

Grand Total: 69 creatures vanquished

Notes
Turn   | Place    | Note
-------+----------+-------------------------------------------
     0 | D:1      | horus123 the Demonspawn Gladiator began the quest for the
                  | Orb.
     0 | D:1      | Reached XP level 1. HP: 16/16 MP: 1/1
   451 | D:1      | Gained mutation: You have large cloven feet. [demonic
                  | ancestry]
   451 | D:1      | Reached XP level 2. HP: 22/22 MP: 2/2
   591 | D:1      | Found a faded altar of an unknown god.
   822 | D:1      | Gained mutation: You sometimes gain a little power by
                  | taking damage. [demonic ancestry]
   822 | D:1      | Reached XP level 3. HP: 17/27 MP: 3/3
  2641 | D:3      | Noticed Robin
  2661 | D:3      | Killed Robin
  2662 | D:3      | Gained mutation: You regenerate magic rapidly. [demonic
                  | ancestry]
  2662 | D:3      | Reached XP level 4. HP: 8/33 MP: 4/4
  3286 | D:3      | Found a sacrificial altar of Ru.
  3296 | D:3      | Reached skill level 1 in Armour
  3372 | D:3      | Became a worshipper of Ru the Awakened
  4050 | D:4      | Reached XP level 5. HP: 39/39 MP: 5/5
  4065 | D:4      | Slain by a gnoll shaman

Illustrated notes

Levels and vault maps discovered:
D:1:      dpeg_arrival_three_same_balls, layout_basic,
          ebering_ecumenical_altar_rust, minmay_bisected
D:2:      layout_basic, nicolae_elevator_lobby_asterisk
D:3:      layout_basic, nicolae_ru_great_annihilating_truth,
          nicolae_figureground_pulse, uniq_robin
D:4:      layout_loops_ring, minmay_gold_behind_fungi

Skill      XL: |  1  2  3  4 |
---------------+-------------+-----
Long Blades    | 3 |  3.7
Dodging        | 3 |  3.3
Throwing       | 2 |  2.7
Armour         | 1 |  1.3
Fighting       | |  2.3
Stealth        | |  0.3

Action                   |  1- 3 |  4- 6 || total
-------------------------+-------+-------++-------
Melee: Long sword        |    93 |    46 ||   139
       Kick              |    23 |     8 ||    31
Throw: Dart              |    56 |    27 ||    83
       Throwing net      |       |     1 ||     1
  Use: Scroll            |     7 |     3 ||    10
 Stab: Sleeping          |     1 |       ||     1
       Paralysed         |       |     1 ||     1
Armor: Leather armour    |    35 |     6 ||    41
Dodge: Dodged            |    78 |    30 ||   108

Table legend: (Time is in decaauts)
 A = Elapsed time spent in this place.
 B = Non-inter-level travel time spent in this place.
 C = Inter-level travel time spent in this place.
 D = Time resting spent in this place.
 E = Time spent auto-exploring this place.
 F = Levels seen in this place.
 G = Mean time per level.
                   A        B        C        D        E       F      G
               +--------+--------+--------+--------+--------+-----+--------+
         Total |   4087 |   3957 |    130 |    448 |   2952 |   4 | 1021.8 |
       Dungeon |   4087 |   3957 |    130 |    448 |   2952 |   4 | 1021.8 |
               +--------+--------+--------+--------+--------+-----+--------+

Top non-repeatable levels by time:
     D:1: 1357 daAuts
     D:3: 1298 daAuts
     D:2: 1165 daAuts
     D:4: 266 daAuts
